 Dungeon Crawl Stone Soup version 0.23.0 (webtiles) character file.

Game seed: 7636645961543440017

128 Blackhawk the Ruffian (level 4, -1/44 HPs)
             Began as a Troll Monk on Feb 11, 2019.
             Slain by an ogre
             ... wielding a +0 giant club
              (10 damage)
             ... on level 3 of the Dungeon.
             The game lasted 00:02:11 (1798 turns).

Blackhawk the Ruffian (Troll Monk)                  Turns: 1798, Time: 00:02:11

Health: -1/44      AC:  6    Str: 19    XL:     4   Next: 87%
Magic:  3/3        EV: 11    Int:  3    God:
Gold:   119        SH:  0    Dex: 13    Spells: 3/3 levels left

rFire    + . .     SeeInvis .     - Unarmed
rCold    . . .     Gourm    +   (no shield)
rNeg     . . .     Faith    .   a - +0 robe
rPois    .         Spirit   .   (helmet restricted)
rElec    .         Reflect  .   (no cloak)
rCorr    .         Harm     .   (gloves unavailable)
MR       .....                  (boots unavailable)
Stlth    ++........             (no amulet)
HPRegen  0.54/turn              g - ring of protection from fire
MPRegen  0.08/turn              h - -3 ring of intelligence (curse)

@: no status effects
A: large, unfitting armour, claws 3, fast metabolism 3, gourmand, regeneration
1, shaggy fur 1, tough skin 3
a: no special abilities


You were on level 3 of the Dungeon.
You were completely stuffed.

You visited 1 branch of the dungeon, and saw 3 of its levels.

You collected 119 gold pieces.

Inventory:

Armour
 a - a +0 robe (worn)
Jewellery
 g - a ring of protection from fire (left claw)
 h - a cursed -3 ring of intelligence (right claw)
Scrolls
 e - a scroll of enchant weapon {unknown}
 j - a scroll of teleportation {unknown}
 l - 2 scrolls of identify {unknown}
Potions
 c - 3 potions of mutation {unknown}
 d - a potion of might {unknown}
 f - a potion of haste {unknown}
 i - a potion of degeneration {unknown}
 m - a potion of magic {unknown}
 n - 2 potions of heal wounds {unknown}
Comestibles
 b - 4 rations
 k - 2 chunks of flesh


   Skills:
 - Level 2.4 Fighting
 + Level 3.6 Dodging
 - Level 1.0 Stealth
 + Level 4.4 Unarmed Combat


You had 3 spell levels left.
You didn't know any spells.
Your spell library was empty.

Dungeon Overview and Level Annotations

Branches:
Dungeon (3/15)

Altars:
Nemelex Xobeh


Innate Abilities, Weirdness & Mutations

You are too large for most types of armour.
You have claws for hands.
Your metabolism is lightning-fast.
You like to eat raw meat.
Your natural rate of healing is unusually fast.
You are covered in fur. (AC +1)
You have extremely tough skin. (AC +3)


Message History

You kill the bat!
The quokka bites you but does no damage.
You closely miss the quokka.
The quokka bites you but does no damage.
You scratch the quokka.
You kill the quokka!
You scratch the ogre but do no damage.
The ogre is lightly wounded.
The ogre closely misses you.
You claw the ogre!
The ogre is heavily wounded.
The ogre hits you with a +0 giant club!!
Ouch! That really hurt!
* * * LOW HITPOINT WARNING * * *
You scratch the ogre.
The ogre is heavily wounded.
You scratch the ogre.
The ogre is severely wounded.
The ogre hits you with a +0 giant club!
You die...

................#
................#
................#
................# ....
................# ......
#.............#.# .....
##.....#.gKs.##.# ....
#########O####.# ...
.########@## #.# #.#
...........###.#######.#
#.######........รท......#
#.####...#####.######..##
#......### #.# ####...##
####...### #.###........
#......#####.##..#..##..
#..####.......##.##.###.#
....# #######....##.....#


You could see an ogre, a giant cockroach, a hobgoblin and a kobold.

Vanquished Creatures
  A hound (D:3)
  4 adders (D:2)
  An ooze (D:2)
  2 worms (D:2)
  A leopard gecko (D:1)
  4 giant cockroaches
  7 goblins
  5 hobgoblins
  4 jackals (D:2)
  A quokka (D:3)
  3 ball pythons
  8 bats
  3 frilled lizards
  4 kobolds
  3 rats
51 creatures vanquished.

Notes
Turn   | Place    | Note
-------+----------+-------------------------------------------
     0 | D:1      | Blackhawk the Troll Monk began the quest for the Orb.
     0 | D:1      | Reached XP level 1. HP: 22/22 MP: 0/0
    89 | D:1      | Reached XP level 2. HP: 28/29 MP: 1/1
   821 | D:2      | Found a sparkling altar of Nemelex Xobeh.
   964 | D:2      | Reached XP level 3. HP: 36/36 MP: 2/2
  1219 | D:2      | Reached skill level 4 in Unarmed Combat
  1219 | D:2      | Reached XP level 4. HP: 44/44 MP: 3/3
  1780 | D:3      | Noticed an ogre
  1798 | D:3      | Slain by an ogre

Skill      XL: |  1  2  3 |
---------------+----------+-----
Dodging        | 3 |  3.6
Unarmed Combat | 4 |  4.4
Fighting       | |  2.4
Stealth        | |  1.0

Action                   |  1- 3 |  4- 6 || total
-------------------------+-------+-------++-------
Melee: Unarmed           |    89 |    44 ||   133
       Punch             |     1 |     1 ||     2
 Stab: Sleeping          |     4 |     2 ||     6
  Eat: Chunk             |    17 |     5 ||    22
Armor: Robe              |    36 |    14 ||    50
Dodge: Dodged            |    67 |    29 ||    96
